 Dungeon Crawl Stone Soup version 0.28.0-53-g5a82cb258f (webtiles) character file.

Game seed: 58343358524782576

3545 PhantomBowie the Skirmisher (level 9, 0/70 (72) HPs)
             Began as a Demonspawn Berserker on June 11, 2022.
             Was an Elder of Trog.
             Succumbed to a hornet's poison
             ... on level 9 of the Dungeon on June 14, 2022.
             The game lasted 00:33:34 (8891 turns).

PhantomBowie the Skirmisher (Demonspawn Berserker)  Turns: 8891, Time: 00:33:35

HP:   0/70 (72)     AC: 22    Str: 23    XL:     9   Next: 83%
MP:   9/9           EV: 23    Int:  8    God:    Trog [****..]
Gold: 471           SH:  4    Dex: 12    Spells: 8/8 levels left

rFire   + . .      SeeInvis .   a - +0 mace (vamp)
rCold   x . .      Faith    .   F - +0 buckler
rNeg    . . .      Spirit   .   I - +0 plate armour
rPois   .          Reflect  .   (helmet restricted)
rElec   .          Harm     .   E - +2 cloak
rCorr   .          Rampage  .   (no gloves)
Will    .....                   (no boots)
Stlth   ..........              w - amulet of the acrobat
HPRegen 0.21/turn               h - ring of fire
MPRegen 0.11/turn               (no ring)

@: lethally poisoned (0 -> -19), sanguine armoured, acrobatic, slowed, lightly
drained, very slow
A: horns 1, demonic guardian 1, foul stench 2, sanguine armour 1
a: Renounce Religion, Berserk, Trog's Hand, Brothers in Arms


You were on level 9 of the Dungeon.
You worshipped Trog.
Trog was greatly pleased with you.
You visited 2 branches of the dungeon, and saw 10 of its levels.

You collected 471 gold pieces.

Inventory:

Hand Weapons
 a - a +0 vampiric mace (weapon)
 m - a +0 fustibalus
Missiles
 s - 2 poisoned darts
 v - 2 throwing nets
 y - 4 javelins (quivered)
 D - 2 boomerangs of dispersal
Armour
 E - a +2 cloak (worn)
 F - a +0 buckler (worn)
 I - a +0 plate armour (worn)
Jewellery
 h - a ring of fire (left hand)
 w - an amulet of the acrobat (around neck)
Wands
 c - a wand of polymorph (7)
 C - a wand of iceblast (8)
 G - a wand of mindburst (13)
 H - a wand of charming (7)
Scrolls
 b - 2 scrolls of fog {unknown}
 f - 2 scrolls of brand weapon
 g - a scroll of amnesia {unknown}
 j - 2 scrolls of magic mapping
 k - a scroll of blinking {unknown}
 o - a scroll of enchant weapon {unknown}
 p - 3 scrolls of immolation {unknown}
 r - a scroll of enchant armour {unknown}
 x - 2 scrolls of fear {unknown}
 A - a scroll of silence {unknown}
 B - a scroll of holy word {unknown}
Potions
 d - 2 potions of attraction
 e - a potion of resistance {unknown}
 i - 2 potions of curing
 l - 3 potions of mutation
 n - 2 potions of haste
 t - a potion of degeneration {unknown}
 u - a potion of flight {unknown}
 z - 2 potions of heal wounds


   Skills:
 + Level 7.5 Fighting
 + Level 6.8 Maces & Flails
 + Level 6.4 Armour
 + Level 6.5 Dodging
 + Level 2.7 Shields


You had 8 spell levels left.
You didn't know any spells.
Your spell library was empty.

Dungeon Overview and Level Annotations

Branches:
Dungeon (9/15)             Temple (1/1) D:5
   Lair: D:8-11         Orc: D:9-12

Altars:
Ashenzari
Cheibriados
Dithmenos
Elyvilon
Fedhas
Gozag
Hepliaklqana
Kikubaaqudgha
Makhleb
Nemelex Xobeh
Okawaru
Qazlal
Ru
Sif Muna
Trog
Uskayaw
Vehumet
Xom
Yredelemnul
Zin
The Shining One


Innate Abilities, Weirdness & Mutations

You have a pair of small horns on your head.
A weak demonic guardian rushes to your aid.
You sometimes emit foul miasma when damaged in melee.
When seriously injured, your blood forms armour. (AC +6)


Message History

Things that are here:
a +0 dire flail; a +0 robe A hornet comes into view.
The hornet buzzes angrily.
You block the hornet's attack.
You sock the hornet!
The hornet is moderately wounded.
The hornet stings you but does no damage.
The hornet stings you!
You feel yourself slow down.
You hit the hornet.
You feel better.
The hornet is moderately wounded.
You feel yourself speed up. You block the hornet's attack.
The hornet stings you but does no damage.
You barely miss the hornet. Your headbutt misses the hornet.
The hornet is moderately wounded.
The hornet stings you!
Your blood congeals into armour.
You are poisoned.
You feel yourself slow down.
The hornet stings you but does no damage.
You barely miss the hornet. Your headbutt misses the hornet.
The hornet is moderately wounded.
You feel very sick.
The hornet stings you but does no damage.
The hornet stings you.
You feel as though you will be slow longer.
You barely miss the hornet.
The hornet is moderately wounded.
You feel very sick. The hornet stings you!
You suddenly lose the ability to move!
The hornet stings you!
* * * LOW HITPOINT WARNING * * *
You feel as though you will be slow longer.
The hornet stings you!
* * * LOW HITPOINT WARNING * * *
A demonic guardian appears!
You are lethally poisoned!
You feel as though you will be slow longer.
You can move again.
You die...

#..... #... #.....
#..# ##..... #..#
....... ######..#
.>..... ........# .#
#.....
.......####..#
#..... #..5......#
#..... #..@.y....#
#.....
#..#####..#####.....
#..# .......... #.)#
.......... #..#
.#####.....
#..#####..# #.....
#....)....# #.....
#...####..#####..###
#######...#
#<........# #


You could see a hornet (ally target) and a friendly quasit (summoned).

Vanquished Creatures
  A troll (D:8)
  Sigmund (D:4)
  Eustachio (D:5)
  A steam dragon (D:8)
  Edmund (D:5)
  A water moccasin (D:6)
  Duvessa (D:4)
  An orc warrior (D:9)
  A black bear (D:6)
  A sky beast (D:6)
  A hornet zombie (D:8)
  4 centaurs
  A phantom (D:6)
  4 bullfrogs
  2 scorpions
  A water moccasin zombie (D:7)
  Dowan (D:4)
  2 water moccasin skeletons (D:5)
  5 killer bees
  6 wights
  A howler monkey (D:7)
  An electric eel (D:7)
  A centaur zombie (D:8)
  A bullfrog zombie (D:5)
  A jelly (D:7)
  An orc priest (D:4)
  A bullfrog skeleton (D:4)
  2 centaur skeletons (D:5)
  5 iguanas
  5 orc wizards
  2 howler monkey zombies
  A mummy (D:7)
  11 gnolls
  An adder (D:5)
  A shadow imp (D:6)
  2 white imps (D:8)
  3 worms
  2 dart slugs (D:1)
  23 orcs
  3 endoplasms
  4 giant cockroaches
  3 goblins
  7 hobgoblins
  5 jackals
  9 kobolds
  A quokka (D:1)
  4 ball pythons
  2 bats
  A frilled lizard (D:3)
  A kobold zombie (D:7)
  An orc zombie (D:7)
  5 rats
148 creatures vanquished.

Notes
Turn   | Place    | Note
-------+----------+-------------------------------------------
     0 | D:1      | PhantomBowie the Demonspawn Berserker began the quest for
                  | the Orb.
     0 | D:1      | Reached XP level 1. HP: 18/18 MP: 1/1
   205 | D:1      | Gained mutation: When seriously injured, your blood forms
                  | armour. (AC +6) [demonic ancestry]
   205 | D:1      | Reached XP level 2. HP: 19/24 MP: 2/2
   978 | D:2      | Gained mutation: You may rarely emit foul miasma when
                  | damaged in melee. [demonic ancestry]
   978 | D:2      | Reached XP level 3. HP: 16/29 MP: 3/3
  1305 | D:2      | Found a stormy altar of Qazlal.
  1580 | D:3      | Reached ** piety under Trog
  1676 | D:3      | Reached XP level 4. HP: 28/35 MP: 4/4
  2310 | D:4      | Noticed Sigmund
  2771 | D:4      | Noticed Duvessa
  2771 | D:4      | Noticed Dowan
  2795 | D:4      | Killed Duvessa
  2796 | D:4      | Reached skill level 4 in Fighting
  2796 | D:4      | Gained mutation: A weak demonic guardian rushes to your
                  | aid. [demonic ancestry]
  2796 | D:4      | Reached XP level 5. HP: 42/42 MP: 5/5
  2823 | D:4      | Killed Dowan
  2824 | D:4      | Reached XP level 6. HP: 17/48 MP: 6/6
  3435 | D:4      | Killed Sigmund
  3532 | D:4      | Gained mutation: You have a pair of small horns on your
                  | head. [demonic ancestry]
  3532 | D:4      | Reached XP level 7. HP: 55/55 MP: 7/7
  4087 | D:5      | Entered Level 5 of the Dungeon
  4112 | D:5      | Found a staircase to the Ecumenical Temple.
  4121 | Temple   | Entered the Ecumenical Temple
  4348 | D:5      | Noticed Edmund
  4361 | D:5      | Killed Edmund
  4362 | D:5      | Reached skill level 5 in Fighting
  4782 | D:5      | Found a shimmering altar of Xom.
  4783 | D:5      | Found a hide-covered altar of Uskayaw.
  4783 | D:5      | Found a bloodstained altar of Trog.
  4785 | D:5      | Found a stormy altar of Qazlal.
  4921 | D:5      | Reached *** piety under Trog
  4926 | D:5      | Noticed Eustachio
  5034 | D:5      | Killed Eustachio
  5035 | D:5      | Reached skill level 5 in Maces & Flails
  5035 | D:5      | Gained mutation: You sometimes emit foul miasma when
                  | damaged in melee. [demonic ancestry]
  5035 | D:5      | Reached XP level 8. HP: 63/63 MP: 8/8
  5507 | D:6      | Reached skill level 6 in Fighting
  5507 | D:6      | Reached skill level 5 in Armour
  5507 | D:6      | Reached skill level 5 in Dodging
  5967 | D:6      | Identified the +1 leather armour of Zin's Favour {Harm
                  | +Blink rF- Int+4}
  6457 | D:7      | Reached XP level 9. HP: 47/69 MP: 9/9
  6566 | D:7      | Found a sand-covered staircase.
  7459 | D:8      | Reached skill level 1 in Shields
  7674 | D:8      | Reached skill level 7 in Fighting
  7888 | D:8      | Noticed a troll
  7894 | D:8      | Killed a troll
  7916 | D:8      | Found a snail-covered altar of Cheibriados.
  7917 | D:8      | Found a sparkling altar of Nemelex Xobeh.
  8224 | D:8      | Found a shimmering blue altar of Sif Muna.
  8740 | D:9      | Reached **** piety under Trog
  8890 | D:9      | Paralysed by a hornet for 1 turns
  8891 | D:9      | Succumbed to a hornet's poison

Illustrated notes

Levels and vault maps discovered:
D:1:      saegor_arrival_simple_b, layout_basic, st_stairs_6,
          lemuel_another_geyser
D:2:      layout_rooms, basic_altar
D:3:      layout_basic
D:4:      layout_loops_corners, uniq_duvessa, uniq_sigmund
D:5:      layout_cave_pools, minitemple, minmay_temple_entry_statues_fountains,
          kennysheep_generic_room_12, uniq_eustachio, uniq_edmund
D:6:      layout_rooms
D:7:      layout_rooms, nicolae_ossuary_entry_giza, kennysheep_small_spiral
D:8:      layout_basic, mainiacjoe_overflow_six_doors_small,
          jmf_multi_god_temple
D:9:      layout_small_grid
Temple:   eino_temple_water

Skill      XL: |  1  2  3  4  5  6  7  8  9 |
---------------+----------------------------+-----
Armour         | 2 3 4 5 6 |  6.4
Dodging        | 2 3 4 5 6 |  6.5
Maces & Flails | 3 4 5 6 |  6.8
Fighting       | 4 5 6 7 |  7.5
Shields        | 2 |  2.7

Action                   |  1- 3 |  4- 6 |  7- 9 || total
-------------------------+-------+-------+-------++-------
Melee: Mace              |   110 |   120 |   411 ||   641
       Punch             |     2 |     1 |     2 ||     5
       Headbutt          |       |       |    78 ||    78
       Unarmed           |       |       |     9 ||     9
Throw: Javelin           |       |    14 |     9 ||    23
Invok: Berserk           |     1 |     1 |     1 ||     3
       Trog's Hand       |       |     1 |       ||     1
Evoke: Wand              |       |       |     3 ||     3
  Use: Scroll            |       |     1 |     5 ||     6
 Stab: Distracted        |       |       |     2 ||     2
Armor: Ring mail         |    48 |       |       ||    48
       Chain mail        |       |    62 |   245 ||   307
       Plate armour      |       |       |    12 ||    12
Dodge: Dodged            |    62 |    55 |   222 ||   339
Block: Buckler           |       |       |    37 ||    37
